 Dungeon Crawl Stone Soup version 0.31-a0-625-gc9c7e45f3f (webtiles) character file.

Game seed: 14953882140947609069

666 MacCMillion the Sneak (level 7, -3/46 HPs)
             Began as an Octopode Shapeshifter on Aug 24, 2023.
             Was an Initiate of Gozag.
             Slain by an ice beast (8 damage)
             ... on level 5 of the Dungeon.
             The game lasted 00:06:16 (4914 turns).

MacCMillion the Sneak (Octopode Shapeshifter)       Turns: 4914, Time: 00:06:16

Health: -3/46      AC:  1    Str: 16    XL:     7   Next: 57%
Magic:  7/7        EV: 14    Int: 10    God:    Gozag
Gold:   187        SH:  0    Dex: 13    Spells: 6/6 levels left

rFire   . .          .
                       - Unarmed
rCold   . . .        (no shield)
rNeg    . . .        (helmet currently unavailable)
rPois   .            o - amulet of regeneration
rElec   .            (no ring)
rCorr   .            (no ring)
SInv    .            (no ring)
Will    .....        (no ring)
Stlth   ++++         (no ring)
HPRegen 1.07/turn    (no ring)
MPRegen 0.10/turn    (no ring)
                     (no ring)

%: no passive effects
@: beast-form
A: beast (slay +1), almost no armour, amphibious, 8 rings, camouflage 1,
gelatinous body 1, (nimble swimmer 1), tentacles
a: Begin Untransformation, Renounce Religion, Potion Petition, Call Merchant,
Bribe Branch


You were on level 5 of the Dungeon.
You worshipped Gozag.
Gozag was aware of your devotion.
You were a hulking beast.
You visited 1 branch of the dungeon, and saw 5 of its levels.

You collected 343 gold pieces.
You spent 75 gold pieces at shops.
You paid 81 gold pieces to Gozag.

Inventory:

Missiles
 d - 16 poisoned darts
 e - 11 boomerangs
 t - 5 curare-tipped darts
Jewellery
 i - an amulet of the acrobat
 n - an amulet of magic regeneration
 o - an amulet of regeneration (around mantle)
Talismans
 b - a beast talisman (active)
 c - a flux talisman
 k - a maw talisman
Wands
 u - a wand of polymorph (9)
Scrolls
 h - a scroll of amnesia {unknown}
 j - 3 scrolls of poison {unknown}
 l - 2 scrolls of immolation {unknown}
 m - a scroll of noise {unknown}
 p - a scroll of blinking {unknown}
 r - 2 scrolls of teleportation
 v - 2 scrolls of vulnerability {unknown}
Potions
 a - a potion of lignification
 f - a potion of resistance
 g - 3 potions of curing
 q - a potion of haste


   Skills:
 + Level 3.3 Fighting
 + Level 3.7 Dodging
 + Level 6.1 Stealth
 * Level 5.5 Unarmed Combat
 - Level 3.0 Shapeshifting


You had 6 spell levels left.
You didn't know any spells.
Your spell library contained the following spells:

 Spells                   Type           Power      Damage    Failure   Level
 Summon Small Mammal      Summ           0%         N/A       36%         1
 Cigotuvi's Dreadful Rot  Necr/Pois/Air  0%         N/A       50%         2
 Call Canine Familiar     Summ           0%         N/A       75%         3
 Dazzling Flash           Conj/Hex       0%         N/A       75%         3
 Gell's Gravitas          Tloc           0%         N/A       75%         3
 Inner Flame              Hex/Fire       0%         N/A       75%         3
 Summon Guardian Golem    Hex/Summ       0%         N/A       75%         3
 Teleport Other           Tloc           0%         N/A       75%         3
 Volatile Blastmotes      Fire/Tloc      0%         2d10      75%         3
 Dispel Undead            Necr           0%         3d6       98%         4
 Yara's Violent Unravell  Hex/Tmut       0%         3d3       100%        5
 Death Channel            Necr           0%         N/A       100%        6
 Dispersal                Tloc           0%         N/A       100%        6
 Starburst                Conj/Fire      0%         6d3       100%        6
 Enfeeble                 Hex            0%         N/A       100%        7
 Maxwell's Capacitive Co  Air            0%         ∞         100%        8


Dungeon Overview and Level Annotations

Branches:
Dungeon (5/15)             Temple (0/1) D:5

Altars:
Dithmenos
Gozag
Nemelex Xobeh
Okawaru
Trog

Shops:
D:5 =?


Innate Abilities, Weirdness & Mutations

You are a hulking beast.
Your limbs bulge with bestial killing power. (Slay +1)
You cannot wear most types of armour.
You are amphibious.
You can wear up to eight rings at the same time.
Your skin changes colour to match your surroundings (Stealth+).
Your rubbery body absorbs attacks. (AC +1, EV +1)
((You are camouflaged when in or above water. (Stealth+)))
You have tentacles for arms and can constrict up to eight enemies at once.


Message History

The javelin barely misses the ice beast.
You throw a javelin.
The javelin closely misses the ice beast.
You throw a javelin.
The javelin pierces through the ice beast.
The ice beast is lightly wounded.
You throw a javelin.
The javelin pierces through the ice beast but does no damage.
The ice beast is lightly wounded.
The ice beast hits you. The ice beast freezes you!
You tentacle-slap the ice beast. You squeeze the ice beast!
The ice beast is heavily wounded.
You tentacle-slap the ice beast but do no damage.
The ice beast is heavily wounded.
The ice beast closely misses you.
You tentacle-slap the ice beast.
The ice beast is severely wounded.
The ice beast barely misses you.
You tentacle-slap the ice beast but do no damage.
The ice beast is severely wounded.
The ice beast hits you. The ice beast freezes you!
You are too injured to fight recklessly!
You are too injured to fight recklessly!
You barely miss the ice beast.
The ice beast is severely wounded.
The ice beast hits you but does no damage.
You tentacle-slap the ice beast.
The ice beast is severely wounded.
The ice beast hits you. The ice beast freezes you!
* * * LOW HITPOINT WARNING * * *
You tentacle-slap the ice beast.
The ice beast is almost dead.
The ice beast hits you but does no damage.
You closely miss the ice beast.
The ice beast is almost dead.
The ice beast hits you.
* * * LOW HITPOINT WARNING * * *
The ice beast freezes you!
You die...
Your body crumbles into a pile of gold.

.............###.##....8.........
##.##.######.# #(##..............
#.##.######.# #.###....._.......
##.##........###.###.............
.................................
...............).................
####.###.#####....#######........
#.# #.....#..Y.## ############
... #.....#..h..###.°.....○...
##.#.#.............#...........
#.#.#.............#°......°...
#.# #........#....#.......°...
#.# #.....####....#○..........
#.# #.....# #....#...........
#.....# #....#........... #.....#
##...#>.......... ........
#####...........


You could see an ice beast.

Vanquished Creatures
  Menkaure (D:4)
  2 ice beasts (D:5)
  A scorpion (D:5)
  2 orc priests
  2 hounds
  2 orc wizards (D:3)
  5 adders
  A shadow imp (D:4)
  A white imp (D:5)
  A worm (D:2)
  5 dart slugs
  9 orcs
  5 bats
  8 endoplasms
  A giant cockroach (D:4)
  5 goblins
  3 hobgoblins
  3 jackals (D:1)
  4 kobolds
  3 quokkas
  A ball python (D:3)
  15 rats
80 creatures vanquished.

Notes
Turn   | Place    | Note
-------+----------+-------------------------------------------
     0 | D:1      | MacCMillion the Octopode Shapeshifter began the quest for
                  | the Orb.
     0 | D:1      | Reached XP level 1. HP: 13/13 MP: 1/1
   179 | D:1      | Reached skill level 1 in Stealth
   298 | D:1      | Reached skill level 2 in Stealth
   308 | D:1      | Reached XP level 2. HP: 18/18 MP: 2/2
   572 | D:1      | Reached skill level 3 in Stealth
   593 | D:1      | Found a faded altar of an unknown god.
  1253 | D:2      | Reached XP level 3. HP: 23/23 MP: 3/3
  1316 | D:2      | Reached skill level 4 in Stealth
  2351 | D:3      | Reached XP level 4. HP: 22/28 MP: 4/4
  2612 | D:3      | Identified the +10 mace "Kintis" {freeze, rN+ Int+2}
  2638 | D:3      | Reached XP level 5. HP: 16/34 MP: 5/5
  2920 | D:3      | Found a bloodstained altar of Trog.
  3184 | D:4      | Noticed Menkaure
  3193 | D:4      | Killed Menkaure
  3194 | D:4      | Reached skill level 5 in Stealth
  3194 | D:4      | Reached XP level 6. HP: 41/41 MP: 6/6
  3439 | D:4      | Found a sparkling altar of Nemelex Xobeh.
  3896 | D:5      | Entered Level 5 of the Dungeon
  3896 | D:5      | Noticed an ice beast
  3901 | D:5      | Killed an ice beast
  3902 | D:5      | Reached skill level 5 in Unarmed Combat
  3940 | D:5      | Found Usmiukhi's Jewellery Shop.
  3968 | D:5      | Found an iron altar of Okawaru.
  3973 | D:5      | Found a shadowy altar of Dithmenos.
  4017 | D:5      | Reached XP level 7. HP: 45/45 MP: 7/7
  4099 | D:5      | Found Uddaij's Magic Scroll Emporium.
  4106 | D:5      | Bought a scroll of identify for 30 gold pieces
  4106 | D:5      | Bought a scroll of teleportation for 45 gold pieces
  4131 | D:5      | Found an opulent altar of Gozag.
  4140 | D:5      | Became a worshipper of Gozag Ym Sagoz the Greedy
  4359 | D:5      | Reached skill level 6 in Stealth
  4750 | D:5      | Found a staircase to the Ecumenical Temple.
  4914 | D:5      | Slain by an ice beast

Illustrated notes

Levels and vault maps discovered:
D:1:      dpeg_arrival_pits, layout_basic, shapermc_ecumenical_altar_acropolis,
          minmay_rat_gold_closets
D:2:      layout_loops_ring
D:3:      layout_rooms, general_overflow_altar
D:4:      layout_basic, overflow_temple_1_default, uniq_menkaure
D:5:      layout_basic, mainiacjoe_overflow_brackets,
          grunt_temple_overflow_open, lemuel_temple_firewalk_b, serial_shops,
          shop, shop, nicolae_shop_rolled_up, serial_glass, glass_columns_a,
          glass_columns_a, kennysheep_generic_room_13

Skill      XL: |  1  2  3  4  5  6  7 |
---------------+----------------------+-----
Stealth        | 2 3 4 5 6 |  6.1
Fighting       | 2 3 |  3.3
Unarmed Combat | 4 5 |  5.5
Dodging        | 3 |  3.7
Shapeshifting  | |  3.0

Action                     |  1- 3 |  4- 6 |  7- 9 || total
---------------------------+-------+-------+-------++-------
  Melee: Unarmed           |    69 |    52 |    35 ||   156
         Constrict         |    19 |    10 |     6 ||    35
         Tentacles         |     9 |    12 |    11 ||    32
         Punch             |     1 |     3 |       ||     4
  Throw: Javelin           |       |     4 |     4 ||     8
    Use: Scroll            |       |       |     3 ||     3
   Stab: Sleeping          |    15 |    11 |     3 ||    29
         Distracted        |       |     1 |       ||     1
 Armour: Skin              |     3 |       |     2 ||     5
  Dodge: Dodged            |    28 |    21 |    10 ||    59

Table legend: (Time is in decaauts)
 A = Elapsed time spent in this place.
 B = Non-inter-level travel time spent in this place.
 C = Inter-level travel time spent in this place.
 D = Time resting spent in this place.
 E = Time spent auto-exploring this place.
 F = Levels seen in this place.
 G = Mean time per level.
                   A        B        C        D        E       F      G
               +--------+--------+--------+--------+--------+-----+--------+
         Total |   4907 |   4832 |     75 |   1299 |   2861 |   5 |  981.4 |
       Dungeon |   4907 |   4832 |     75 |   1299 |   2861 |   5 |  981.4 |
               +--------+--------+--------+--------+--------+-----+--------+

Top non-repeatable levels by time:
     D:1: 1244 daAuts
     D:5: 1018 daAuts
     D:2: 965 daAuts
     D:3: 879 daAuts
     D:4: 799 daAuts
